 Dungeon Crawl Stone Soup version 0.19-a0-4-ga5c5ac4 (webtiles) character file.

3373 namelastname112 the Magician (level 9, 0/74 HPs)
             Began as a Grey Draconian Ice Elementalist on Apr 28, 2016.
             Was a Believer of Vehumet.
             Succumbed to a water moccasin's poison
             ... on level 8 of the Dungeon.
             The game lasted 00:10:49 (6450 turns).

namelastname112 the Magician (DrIE)                 Turns: 6450, Time: 00:10:50

Health: 0/74       AC: 23    Str: 16    XL:     9   Next: 74%
Magic:  21/23      EV: 20    Int: 19    God:    Vehumet [**....]
Gold:   270        SH:  0    Dex: 16    Spells: 1 memorised, 19 levels left

rFire  . . .     SeeInvis +     m - +2 quarterstaff (protect)
rCold  . . .     Gourm    .     (armour unavailable)
rNeg   . . .     Faith    .     (shield currently unavailable)
rPois  .         Spirit   .     B - +0 hat
rElec  .         Dismiss  .     A - +0 cloak
rCorr  .         Reflect  .     (no gloves)
SustAt .         Harm     .     u - +0 pair of boots
MR     .....                    (no amulet)
Stlth  +++.......               h - ring of see invisible
                                e - +4 ring of protection

@: mighty, agile, lethally poisoned (0 -> -10), exhausted, slowed, invisible,
very slow, not resistant to hostile enchantments, fairly stealthy
A: walk through water, unfitting armour, high mp 1, unbreathing, cold-blooded,
AC +12
a: Renounce Religion


You were on level 8 of the Dungeon.
You worshipped Vehumet.
Vehumet was pleased with you.
You were hungry.

You visited 2 branches of the dungeon, and saw 9 of its levels.

You collected 345 gold pieces.
You spent 75 gold pieces at shops.

Inventory:

Hand Weapons
 m - a +2 quarterstaff of protection (weapon)
Armour
 u - a +0 pair of boots (worn)
 A - a +0 cloak (worn)
 B - a +0 hat (worn)
Jewellery
 e - a +4 ring of protection (left hand)
 f - a +3 ring of strength
 h - a ring of see invisible (right hand)
Wands
 a - a wand of heal wounds (6/9)
 F - a wand of enslavement (12/24)
Scrolls
 j - a scroll of identify
 o - 2 scrolls of teleportation
 v - 2 scrolls of remove curse
 w - a scroll of blinking
Potions
 c - a potion of agility
 d - a potion of magic {unknown}
 k - 4 potions of curing {unknown}
 l - 3 potions of heal wounds {unknown}
 n - a potion of flight {unknown}
 r - a potion of cure mutation
 s - a potion of might
 E - a potion of lignification
Books
 i - a book of Frost

   Spells                             Type                      Level
   a - Freeze                         Ice                          1
   b - Throw Frost                    Conjuration/Ice              2
   c - Ozocubu's Armour               Charms/Ice                   3
   d - Throw Icicle                   Conjuration/Ice              4
   e - Summon Ice Beast               Ice/Summoning                4
 p - a book of Death

   Spells                             Type                      Level
   a - Corpse Rot                     Necromancy                   2
   b - Sublimation of Blood           Necromancy                   2
   c - Agony                          Necromancy                   5
   d - Dispel Undead                  Necromancy                   5
   e - Excruciating Wounds            Charms/Necromancy            5
   f - Bolt of Draining               Conjuration/Necromancy       5
 D - an Akashic Record

   Spells                             Type                      Level
   a - Dispersal                      Translocation                6
   b - Malign Gateway                 Summoning/Translocation      7
   c - Disjunction                    Translocation                8
   d - Controlled Blink               Translocation                8
Comestibles
 b - 3 bread rations


   Skills:
 + Level 5.5 Fighting
 + Level 5.1 Dodging
 - Level 1.7 Stealth
 * Level 7.9 Spellcasting
 + Level 5.9 Conjurations
 - Level 6.3 Ice Magic


You had 19 spell levels left.
You knew the following spells:

 Your Spells              Type           Power        Failure   Level  Hunger
x - Throw Icicle          Conj/Ice       ####....     10%         4    ###....


Dungeon Overview and Level Annotations

Branches:
Dungeon (8/15)             Temple (1/1) D:4
   Lair: D:8-11

Altars:
Cheibriados
Dithmenos
Elyvilon
Gozag
Makhleb
Nemelex Xobeh
Okawaru
Qazlal
Ru
Sif Muna
Vehumet
Yredelemnul
Zin
The Shining One

Shops:
D:4 ?*[

Annotations:
D:3 no0bjke's ghost, amateur MiBe


Innate Abilities, Weirdness & Mutations

You can walk through water.
Your dull iron-grey scales are very hard (AC +12).
Your body does not fit into most forms of armour.
You can survive without breathing.
You are cold-blooded and may be slowed by cold attacks.
You have an increased reservoir of magic (+10% MP).


Message History

You feel agile all of a sudden.
* * * LOW HITPOINT WARNING * * *
You feel very sick.
You take 2 damage, and have 5/74 hp.
Drink which item? (? for menu, Esc to quit)
It was a potion of cure mutation.
It has a very clean taste.
The barb on your tail disappears.
You feel clever.
* * * LOW HITPOINT WARNING * * *
You feel sick.
You take 2 damage, and have 3/74 hp.
Drink which item? (? for menu, Esc to quit)
It was a potion of might.
You feel very mighty all of a sudden.
* * * LOW HITPOINT WARNING * * *
You feel sick.
You take 2 damage, and have 1/74 hp.
Drink which item? (? for menu, Esc to quit)
It was a potion of invisibility.
You fade into invisibility!
You die...

#'#### #.#......#,,,* *,,,,,,,*
#.# #.#......#...# *,,,***,* ..#
#.#......#...# *,,,,,,,* ###
#.#......#...# *,,****,*
#.#......#...# *,,,,,,,*
########.#......#...# *,<,***,*
#........#...†..#...# *,,,,,,,*
#.#####..#..#'###..%####,*,***,*
#.#......#.....@........,,,,,,,*
#.###.#."##.#.#####.####,*,***,,
#.....#..##.#)......# *,*,* ***
#######.###.#.####### *,*,*
#.....†......#****,*,*
#####.?........,,,,*,*
########...,,,,,,* **##*******


There were no monsters in sight!

Vanquished Creatures
  Maurice (D:8)
  Joseph (D:8)
  Prince Ribbit (D:6)
  A hungry ghost (D:7)
  A water moccasin (D:8)
  An orc warrior (D:8)
  2 sky beasts
  2 ice beasts
  2 ogres
  3 centaurs
  Blork the orc (D:5)
  4 giant frogs
  A wyvern zombie (D:6)
  2 scorpions
  4 killer bees (D:7)
  6 crimson imps
  A centaur zombie (D:7)
  3 orc priests
  A jelly (D:5)
  2 centaur skeletons
  An orc wizard (D:5)
  Crazy Yiuf (D:6)
  Terence (D:2)
  2 worker ants
  A hound zombie (D:8)
  A worker ant zombie (D:6)
  Robin (D:2)
  6 adders
  3 shadow imps
  An ooze (D:5)
  An adder skeleton (D:6)
  2 worms
  4 dart slugs
  5 giant geckos
  12 orcs
  3 bats
  7 giant cockroaches
  14 goblins
  8 hobgoblins
  9 jackals
  2 quokkas
  2 ball pythons (D:2)
  A giant gecko skeleton (D:8)
  A giant gecko zombie (D:5)
  3 giant newts
  A goblin skeleton (D:4)
  A goblin zombie (D:4)
  2 hobgoblin zombies (D:4)
  3 kobolds
  2 kobold skeletons (D:4)
  A kobold zombie (D:4)
  An orc zombie (D:4)
  A quokka skeleton (D:7)
  10 rats
154 creatures vanquished.

Notes
Turn   | Place    | Note
--------------------------------------------------------------
     0 | D:1      | namelastname112 the Draconian Ice Elementalist began the quest for the Orb.
     0 | D:1      | Reached XP level 1. HP: 14/14 MP: 3/3
   116 | D:1      | Reached XP level 2. HP: 2/20 MP: 0/5
   634 | D:1      | Reached XP level 3. HP: 26/26 MP: 3/6
  1023 | D:2      | Noticed Terence
  1031 | D:2      | Killed Terence
  1031 | D:2      | Reached XP level 4. HP: 29/33 MP: 0/8
  1340 | D:2      | Learned a level 4 spell: Throw Icicle
  1498 | D:2      | Noticed Robin
  1775 | D:2      | Reached skill level 3 in Spellcasting
  1787 | D:2      | Killed Robin
  2416 | D:3      | Noticed no0bjke's ghost (amateur MiBe)
  2527 | D:4      | Found a glowing golden altar of the Shining One.
  2540 | D:4      | Reached skill level 5 in Ice Magic
  2540 | D:4      | Reached XP level 5. HP: 38/38 MP: 5/9
  2598 | D:4      | Found Zehuast's Magic Scroll Shop.
  2601 | D:4      | Bought a scroll of blinking for 75 gold pieces
  2634 | D:4      | Found Maad's General Store.
  2635 | D:4      | Found Ikhac's Armour Boutique.
  2811 | D:4      | Found a staircase to the Ecumenical Temple.
  2972 | Temple   | Entered the Ecumenical Temple
  3103 | Temple   | Became a worshipper of Vehumet
  3242 | D:5      | Entered Level 5 of the Dungeon
  3247 | D:5      | Noticed a centaur
  3253 | D:5      | Killed a centaur
  3253 | D:5      | Reached XP level 6. HP: 31/45 MP: 7/11
  3447 | D:5      | Noticed Blork the orc
  3456 | D:5      | Killed Blork the orc
  3871 | D:5      | Your scales start taking on a dull iron-grey colour.
  3871 | D:5      | Reached XP level 7. HP: 50/50 MP: 7/12
  3871 | D:5      | Gained mutation: You can survive without breathing. [Grey Draconian growth]
  3997 | D:5      | Reached skill level 4 in Spellcasting
  4020 | D:5      | Reached skill level 1 in Fighting
  4609 | D:6      | Reached * piety under Vehumet
  4609 | D:6      | Offered knowledge of Sting by Vehumet.
  4647 | D:6      | Noticed Prince Ribbit
  4663 | D:6      | Killed Prince Ribbit
  4663 | D:6      | Reached skill level 5 in Spellcasting
  4663 | D:6      | Reached XP level 8. HP: 60/62 MP: 8/15
  4809 | D:6      | Found a deep blue altar of Sif Muna.
  4939 | D:6      | Noticed Crazy Yiuf
  4945 | D:6      | Killed Crazy Yiuf
  5150 | D:7      | Reached skill level 6 in Spellcasting
  5260 | D:7      | Found a white marble altar of Elyvilon.
  5516 | D:7      | Reached XP level 9. HP: 32/71 MP: 12/19
  5631 | D:7      | Reached skill level 5 in Conjurations
  5784 | D:8      | Noticed Maurice
  5811 | D:8      | Killed Maurice
  5811 | D:8      | Offered knowledge of Magic Dart by Vehumet.
  5811 | D:8      | Reached skill level 7 in Spellcasting
  5939 | D:8      | Gained mutation: You have an increased reservoir of magic (+10% MP). [mutagenic meat]
  5940 | D:8      | Gained mutation: You are dopey. (Int -2) [mutagenic meat]
  5941 | D:8      | Gained mutation: Your tail ends in a poisonous barb. [mutagenic meat]
  5987 | D:8      | Reached ** piety under Vehumet
  6008 | D:8      | Reached skill level 5 in Fighting
  6250 | D:8      | Noticed Joseph
  6286 | D:8      | Killed Joseph
  6286 | D:8      | Reached skill level 5 in Dodging
  6448 | D:8      | Lost mutation: Your tail ends in a poisonous barb. [potion of cure mutation]
  6448 | D:8      | Lost mutation: You are dopey. (Int -2) [potion of cure mutation]
  6448 | D:8      | HP: 3/74 [poisoned by a water moccasin]
  6449 | D:8      | HP: 1/74 [poisoned by a water moccasin]
  6450 | D:8      | Succumbed to a water moccasin's poison

Vault maps used:
D:1:      tarquinn_simple_flora_water_c, feat_on_display
D:2:      minmay_cupped, uniq_terence, uniq_robin
D:3:      marbit_many_paths, first_bread
D:4:      nicolae_tso_besieged_by_evil, minmay_temple_entry_fiery, serial_shops,
          shop, nicolae_shop_statue_plus, kennysheep_mini_moat
D:5:      uniq_blork_the_orc
D:6:      led_sif_pool, uniq_prince_ribbit1, uniq_crazy_yiuf_cottage
D:7:      lemuel_crystal_altar
D:8:      kiku_gazebo_garden_becter, uniq_joseph, uniq_maurice
Temple:   oiseaux_autumnal_temple_12

Skill      XL: |  1  2  3  4  5  6  7  8  9 |
---------------+----------------------------+-----
Ice Magic      | 4 5 6 |  6.3
Spellcasting   | 3 5 6 7 |  7.9
Conjurations   | 2 3 4 5 |  5.9
Dodging        | 3 4 5 |  5.1
Fighting       | 2 4 5 |  5.5
Stealth        | |  1.7

Action                   |  1- 3 |  4- 6 |  7- 9 || total
-------------------------+-------+-------+-------++-------
Melee: Unarmed           |    10 |       |       ||    10
       Dagger            |    34 |    25 |       ||    59
       Tailslap          |     3 |     9 |    28 ||    40
       Short sword       |       |    58 |       ||    58
       Trident           |       |     7 |   271 ||   278
       Quarterstaff      |       |       |    14 ||    14
 Cast: Freeze            |    46 |    82 |    76 ||   204
       Throw Icicle      |       |       |     7 ||     7
  Use: Scroll            |       |       |    12 ||    12
       Potion            |       |       |     6 ||     6
 Stab: Sleeping          |       |     2 |     4 ||     6
  Eat: Chunk             |     1 |     8 |    12 ||    21
       Royal jelly       |       |       |     2 ||     2
       Meat ration       |       |       |     1 ||     1
Armor: Skin              |    22 |    84 |   222 ||   328
Dodge: Dodged            |    42 |   143 |   261 ||   446
